 Dungeon Crawl Stone Soup version 0.21.1-1-g345015f (webtiles) character file.

9664 Kairos the Basher (level 11, -1/56 HPs)
             Began as a Vine Stalker Fighter on Apr 24, 2018.
             Was a High Priest of Okawaru.
             Succumbed to a black mamba's poison
             ... on level 1 of the Lair of Beasts.
             The game lasted 00:24:09 (8117 turns).

Kairos the Basher (Vine Stalker Fighter)            Turns: 8117, Time: 00:24:10

Health: -1/56      AC: 22    Str: 26    XL:     11   Next: 50%
Magic:  0/12       EV: 15    Int:  8    God:    Okawaru [*****.]
Gold:   471        SH: 14    Dex: 15    Spells: 10/10 levels left

rFire    . . .     SeeInvis .   s - +1 flail (protect)
rCold    + . .     Gourm    .   J - +0 shield
rNeg     . . .     Faith    .   w - +5 scale mail {rC+}
rPois    .         Spirit   +   (no helmet)
rElec    .         Reflect  .   (no cloak)
rCorr    .         Harm     .   l - +0 pair of gloves
MR       +....                  (no boots)
Stlth    ++........             k - amulet of regeneration
HPRegen  0.98/turn              L - +4 ring of slaying
MPRegen  0.13/turn              H - +5 ring of strength

@: lethally poisoned (-1 -> -16), about to teleport, heroism, protection aura,
flying
A: fangs 3, regeneration 1, magic shield, antimagic bite, no potion heal 3, rot
immunity
a: Heroism, Finesse, Renounce Religion


You were on level 1 of the Lair of Beasts.
You worshipped Okawaru.
Okawaru was extremely pleased with you.
You were not hungry.

You visited 3 branches of the dungeon, and saw 10 of its levels.
You also visited: Ossuary.

You collected 643 gold pieces.
You spent 172 gold pieces at shops.

Inventory:

Hand Weapons
 a - a +0 war axe
 n - a +0 whip of flaming
 p - a +2 hand axe of freezing
 s - a +1 flail of protection (weapon)
 u - a +0 morningstar
Missiles
 o - 6 javelins (quivered)
Armour
 j - a +0 crystal plate armour
 l - a +0 pair of gloves (worn)
 w - a +5 scale mail of cold resistance (worn)
 J - a +0 shield (worn)
 T - +0 ice dragon scales
Magical Staves
 U - an uncursed staff of poison {unknown}
Jewellery
 e - a +3 ring of strength
 k - an amulet of regeneration (around neck)
 x - an uncursed ring of protection from fire
 H - a +5 ring of strength (right hand)
 L - a +4 ring of slaying (left hand)
 W - an uncursed ring of positive energy
Wands
 b - a wand of acid (8)
 v - a wand of flame (39)
 y - a wand of polymorph (20)
 O - a wand of iceblast (6)
 Q - a wand of disintegration (11)
Scrolls
 c - a scroll of identify
 i - 11 scrolls of remove curse
 z - a scroll of fear {unknown}
 D - 4 scrolls of teleportation
 E - 3 scrolls of magic mapping {unknown}
 G - 2 scrolls of random uselessness {unknown}
 P - 3 scrolls of vulnerability {unknown}
 R - a scroll of fog {unknown}
 S - a scroll of enchant weapon {unknown}
Potions
 d - a potion of might
 g - a potion of magic {unknown}
 h - 2 potions of curing {unknown}
 q - a potion of mutation {unknown}
 r - a potion of cancellation {unknown}
 t - 2 potions of haste {unknown}
 B - a potion of lignification {unknown}
 C - 2 potions of agility
 F - 4 potions of flight
 I - 2 potions of brilliance {unknown}
 K - 2 potions of degeneration {unknown}
 M - 2 potions of resistance {unknown}
 N - 2 potions of ambrosia {unknown}
Comestibles
 f - 19 rations


   Skills:
 + Level 6.2(11.2) Fighting
 + Level 3.0(12.1) Axes
 + Level 10.1(15.3) Maces & Flails
 + Level 2.5(7.5) Throwing
 + Level 6.2(11.2) Armour
 + Level 3.9(8.9) Dodging
 + Level 2.1(7.1) Stealth
 + Level 7.7(12.7) Shields
 + Level 1.2 Invocations


You had 10 spell levels left.
You didn't know any spells.

Dungeon Overview and Level Annotations

Branches:
Dungeon (8/15)             Temple (1/1) D:5            Lair (1/6) D:8

Altars:
Ashenzari
Cheibriados
Elyvilon
Fedhas
Gozag
Hepliaklqana
Kikubaaqudgha
Makhleb
Nemelex Xobeh
Okawaru
Qazlal
Ru
Sif Muna
Trog
Uskayaw
Vehumet
Wu Jian
Xom
Yredelemnul
Zin
The Shining One

Shops:
D:5 [   D:8 }


Innate Abilities, Weirdness & Mutations

You have razor-sharp teeth.
Your natural rate of healing is unusually fast.
When hurt, damage is shared between your health and your magic reserves.
Your bite disrupts and absorbs the magic of your enemies.
Potions cannot restore your health.
You are immune to rotting.


Message History

You feel very sick. The black mamba misses you. x2
You hit the black mamba.
Your weapon exudes an aura of protection.
You kill the black mamba!
Okawaru accepts your kill.
You feel very sick.
You sock the adder!
You kill the adder!
Okawaru accepts your kill.
You feel sick.
You closely miss the wolf spider. Your bite misses the wolf spider.
You feel sick. The wolf spider hits you!!
* * * LOW HITPOINT WARNING * * *
The wolf spider bites you.
* * * LOW HITPOINT WARNING * * *
Unknown command.
As you read the scroll of teleportation, it crumbles to dust.
You feel strangely unstable.
You die...

....###>.###..#...
.P.#.P#...##..#...
..........#...#...
##.##.#......#.... #
##.##...........##
#..#.##..>..s...###..###
#.....l..##.#........#
#..P#.#s#####..####..P#
.l ###@# #...#####..##
P.####..# ##...........
........######†.###..###
#.......((((†<.## #....
#######.##.P)#.# P### #.
#..##.##### .. ##(##.#
#. #.##.# #. #.##.##


You could see a wolf spider and a komodo dragon.

Vanquished Creatures
  A hydra (Lair:1)
  2 two-headed ogres
  Sonja (Lair:1)
  A black mamba (Lair:1)
  4 spiny frogs
  Grinder (D:5)
  A hornet (D:8)
  2 hippogriffs
  A wyvern (D:3)
  6 yaks (Lair:1)
  Grum (Lair:1)
  A basilisk (Lair:1)
  A water moccasin (Lair:1)
  2 porcupines (Lair:1)
  2 ice beasts
  A necrophage (D:6)
  2 orc warriors
  3 sky beasts
  3 wolves (Lair:1)
  A phantom (D:3)
  3 ogres (D:7)
  3 centaurs
  A crocodile (Lair:1)
  An elf zombie (Ossuary)
  A big kobold (D:7)
  2 bullfrogs (D:7)
  A scorpion (D:5)
  3 wights (D:8)
  2 crimson imps (D:5)
  2 centaur zombies
  2 hounds
  4 human zombies (Ossuary)
  3 jellies (D:8)
  2 orc wizards (D:4)
  5 orc priests
  Ijyb (D:3)
  An iguana (D:8)
  7 worker ants
  A killer bee zombie (D:7)
  A hound zombie (D:7)
  3 mummies (Ossuary)
  A howler monkey skeleton (D:4)
  4 gnolls (D:3)
  15 adders
  A shadow imp (D:7)
  7 oozes
  An adder zombie (Ossuary)
  An adder skeleton (D:8)
  3 worms
  A dart slug (D:4)
  4 leopard geckos
  21 orcs
  2 ball pythons
  4 bat skeletons (D:2)
  2 bat zombies (D:2)
  4 giant cockroaches
  A gnoll zombie (Ossuary)
  5 goblins
  3 hobgoblins (D:1)
  11 jackals
  A quokka (D:4)
  11 bats
  4 frilled lizards
  4 goblin zombies (Ossuary)
  3 hobgoblin zombies (Ossuary)
  A jackal skeleton (D:3)
  A jackal zombie (Ossuary)
  12 kobolds
  2 kobold zombies (Ossuary)
  A leopard gecko skeleton (D:7)
  A leopard gecko zombie (D:5)
  2 orc zombies (Ossuary)
  7 quokka zombies (Ossuary)
  6 rats
  4 rat zombies (Ossuary)
237 creatures vanquished.

Vanquished Creatures (others)
  2 adders (Lair:1)
  12 fungi (Lair:1)
  9 plants (Lair:1)
23 creatures vanquished.

Grand Total: 260 creatures vanquished

Notes
Turn   | Place    | Note
-------+----------+-------------------------------------------
     0 | D:1      | Kairos the Vine Stalker Fighter began the quest for the Orb.
     0 | D:1      | Reached XP level 1. HP: 11/11 MP: 2/2
   125 | D:1      | Reached XP level 2. HP: 14/16 MP: 3/3
   424 | D:1      | Reached XP level 3. HP: 17/20 MP: 4/4
  1108 | D:2      | Gained mutation: Your natural rate of healing is unusually fast. [Vine Stalker growth]
  1108 | D:2      | Reached XP level 4. HP: 21/24 MP: 5/5
  1130 | D:2      | Found a white marble altar of Elyvilon.
  1212 | D:2      | Found an ancient bone altar of Kikubaaqudgha.
  1265 | D:2      | Found an ornate altar of the Wu Jian Council.
  1470 | D:3      | Noticed a phantom
  1483 | D:3      | Found a transporter.
  1519 | D:3      | Reached XP level 5. HP: 24/28 MP: 4/6
  1586 | D:3      | Noticed Ijyb
  1626 | D:3      | Killed Ijyb
  1858 | D:3      | Reached skill level 1 in Maces & Flails
  1867 | D:3      | Reached XP level 6. HP: 29/32 MP: 4/7
  1938 | D:3      | Noticed a wyvern
  1947 | D:3      | Found a transporter.
  1959 | D:3      | Found a glowing silver altar of Zin.
  1961 | D:3      | Noticed a hippogriff
  1983 | D:3      | Killed a phantom
  1983 | D:3      | Reached skill level 2 in Maces & Flails
  2375 | D:4      | Found a sand-covered staircase.
  2383 | Ossuary  | Entered an ossuary
  2419 | Ossuary  | Reached skill level 1 in Dodging
  2432 | Ossuary  | Reached XP level 7. HP: 36/36 MP: 8/8
  2443 | Ossuary  | Reached skill level 3 in Maces & Flails
  2848 | D:4      | Reached skill level 4 in Maces & Flails
  2849 | D:4      | Found a radiant altar of Vehumet.
  3265 | D:4      | Gained mutation: You have razor-sharp teeth. [Vine Stalker growth]
  3265 | D:4      | Reached XP level 8. HP: 34/42 MP: 6/9
  3381 | D:5      | Entered Level 5 of the Dungeon
  3450 | D:5      | Found a staircase to the Ecumenical Temple.
  3450 | D:5      | Noticed Grinder
  3457 | D:5      | Paralysed by Grinder for 5 turns
  3541 | D:5      | Reached skill level 5 in Maces & Flails
  3554 | D:5      | Found Higraef's Antique Armour Shoppe.
  3557 | D:5      | Bought a shiny shield for 172 gold pieces
  3667 | D:5      | Paralysed by Grinder for 3 turns
  3676 | D:5      | Killed Grinder
  3676 | D:5      | Reached skill level 5 in Shields
  3770 | Temple   | Entered the Ecumenical Temple
  3812 | Temple   | Became a worshipper of Warmaster Okawaru
  4400 | D:6      | You fall through a shaft for 2 floors!
  4400 | D:8      | Noticed a hippogriff
  4420 | D:8      | Killed a hippogriff
  4420 | D:8      | Reached skill level 6 in Maces & Flails
  4420 | D:8      | Reached XP level 9. HP: 38/46 MP: 10/10
  4428 | D:8      | Reached * piety under Okawaru
  4591 | D:8      | Found Toucridgh's Gadget Emporium.
  4604 | D:7      | Found a stormy altar of Qazlal.
  4634 | D:8      | Noticed a hornet
  4643 | D:8      | Paralysed by a hornet for 3 turns
  4647 | D:8      | Killed a hornet
  4647 | D:8      | Reached skill level 7 in Maces & Flails
  4701 | D:8      | Found a white marble altar of Elyvilon.
  4701 | D:8      | Found a sparkling altar of Nemelex Xobeh.
  5750 | D:7      | Reached ** piety under Okawaru
  5850 | D:7      | Reached skill level 1 in Throwing
  5875 | D:7      | Noticed a two-headed ogre
  5881 | D:7      | Killed a two-headed ogre
  5881 | D:7      | Reached skill level 5 in Fighting
  5881 | D:7      | Reached skill level 5 in Armour
  5881 | D:7      | Reached XP level 10. HP: 11/51 MP: 3/11
  5958 | D:7      | Reached skill level 8 in Maces & Flails
  6581 | D:8      | Found a staircase to the Lair.
  7094 | D:3      | Reached *** piety under Okawaru
  7265 | D:8      | Noticed a two-headed ogre
  7478 | D:8      | Killed a two-headed ogre
  7478 | D:8      | Reached skill level 1 in Stealth
  7532 | Lair:1   | Entered Level 1 of the Lair of Beasts
  7535 | Lair:1   | Noticed a spiny frog
  7556 | Lair:1   | Killed a spiny frog
  7556 | Lair:1   | Reached **** piety under Okawaru
  7556 | Lair:1   | Reached skill level 9 in Maces & Flails
  7586 | Lair:1   | Reached XP level 11. HP: 42/56 MP: 10/12
  7628 | Lair:1   | Noticed Grum
  7642 | Lair:1   | Killed Grum
  7715 | Lair:1   | Reached ***** piety under Okawaru
  7805 | Lair:1   | Noticed a six-headed hydra
  7810 | Lair:1   | Killed a six-headed hydra
  7865 | Lair:1   | Noticed Sonja
  7883 | Lair:1   | HP: 2/56 [acid (6)]
  8014 | D:8      | Reached skill level 1 in Invocations
  8061 | Lair:1   | Killed Sonja
  8061 | Lair:1   | Reached skill level 10 in Maces & Flails
  8109 | Lair:1   | Noticed a wolf spider
  8116 | Lair:1   | HP: 1/56 [wolf spider (5)]
  8117 | Lair:1   | Succumbed to a black mamba's poison

Skill      XL: |  1  2  3  4  5  6  7  8  9 10 11 |
---------------+----------------------------------+-----
Shields        | 3 4 5 6 7 |  7.7
Fighting       | 3 4 5 6 |  6.2
Axes           | 2 3 |  3.0
Armour         | 3 4 5 6 |  6.2
Maces & Flails | 1 2 4 6 7 9 10 | 10.1
Dodging        | 1 3 |  3.9
Throwing       | 2 |  2.5
Stealth        | 1 2 |  2.1
Invocations    | 1 |  1.2

Action                   |  1- 3 |  4- 6 |  7- 9 | 10-12 || total
-------------------------+-------+-------+-------+-------++-------
Melee: War axe           |    65 |       |       |       ||    65
       Bite              |    17 |    82 |   125 |    73 ||   297
       Hand axe          |    19 |    58 |       |       ||    77
       Flail             |       |   151 |   300 |   173 ||   624
Throw: Javelin           |       |       |    16 |     7 ||    23
Invok: Heroism           |       |       |     1 |     5 ||     6
       Finesse           |       |       |       |     1 ||     1
Evoke: Wand              |       |       |       |     1 ||     1
  Use: Scroll            |     2 |     3 |     4 |     6 ||    15
       Potion            |       |       |     1 |     2 ||     3
  Eat: Chunk             |       |     5 |     8 |     4 ||    17
       Ration            |       |       |     2 |       ||     2
Armor: Scale mail        |    42 |   129 |   118 |    53 ||   342
Dodge: Dodged            |    36 |    68 |    89 |    73 ||   266
Block: Shield            |    51 |   104 |   131 |    88 ||   374
